[Event "ICC tourney 2876 (40 10)"]
[Site "Internet Chess Club"]
[Date "2022.04.09"]
[Round "5"]
[White "INDUKURI, SUHAS VARMA:Suhas12"]
[Black "Doan Giang, Nguyen Doan:Doctorstrange04"]
[Result "1-0"]
[ICCResult "Black resigns"]
[WhiteElo "1475"]
[BlackElo "1821"]
[Opening "Scandinavian (center counter) defense"]
[ECO "B01"]
[NIC "VO.17"]
[Time "20:01:07"]
[PlyCount "35"]
[TimeControl "2400+10"]

1. e4 d5 2. exd5 c6 3. dxc6 Nf6 4. cxb7 Bxb7 5. Nf3 e5 6. d3 Bc5 7. Be2 O-O
8. O-O Qb6 9. h3 Nbd7 10. Nc3 Rfe8 11. Na4 Qc7 12. Nxc5 Nxc5 13. Be3 Rab8
14. Qd2 Nh5 15. Qc3 Rec8 16. Qxe5 Bc6 17. Qxc7 Rxc7 18. Bxc5 {Black resigns}
1-0

[Event "ICC tourney 2876 (40 10)"]
[Site "Internet Chess Club"]
[Date "2022.04.09"]
[Round "5"]
[White "LIN, GABRIEL:danaglin"]
[Black "Kobanenko, Mikhail:LightArt"]
[Result "0-1"]
[ICCResult "White resigns"]
[WhiteElo "1505"]
[BlackElo "1568"]
[Opening "Sicilian: Alapin's variation (2.c3)"]
[ECO "B22"]
[NIC "SI.47"]
[Time "20:00:24"]
[PlyCount "42"]
[TimeControl "2400+10"]

1. e4 c5 2. c3 Nf6 3. e5 Nd5 4. d4 cxd4 5. Nf3 d6 6. cxd4 e6 7. Bd3 Nc6 8.
O-O Be7 9. Re1 Bd7 10. Nc3 Ndb4 11. a3 Nxd3 12. Qxd3 a6 13. Bf4 dxe5 14.
dxe5 Qc7 15. Ne4 Rc8 16. Rac1 h6 17. Nd6+ Bxd6 18. exd6 Qa5 19. Ne5 Nxe5 20.
Bxe5 Rxc1 21. Rxc1 Qxe5 {White resigns} 0-1

[Event "ICC tourney 2876 (40 10)"]
[Site "Internet Chess Club"]
[Date "2022.04.09"]
[Round "5"]
[White "DUBE, DANIEL:betterone76"]
[Black "WANG, JACOB S:JACOBCHESS857"]
[Result "1-0"]
[ICCResult "Black resigns"]
[WhiteElo "1652"]
[BlackElo "1397"]
[Opening "Queen's gambit declined"]
[ECO "D30"]
[NIC "QP.08"]
[Time "20:00:16"]
[PlyCount "59"]
[TimeControl "2400+10"]

1. d4 d5 2. c4 e6 3. Nf3 Nf6 4. g3 g6 5. Bg2 Bg7 6. O-O O-O 7. Qc2 c6 8. Rd1
Nbd7 9. b3 Re8 10. Bb2 b6 11. Nbd2 Bb7 12. e4 dxe4 13. Nxe4 Nxe4 14. Qxe4
Qc7 15. Ne5 Nxe5 16. dxe5 Rab8 17. c5 Red8 18. Rd6 bxc5 19. Rad1 Rxd6 20.
exd6 Qd7 21. Bxg7 Kxg7 22. Qe5+ Kg8 23. h4 Rc8 24. h5 Ba6 25. h6 f6 26. Qxf6
Qf7 27. Qe5 Bb7 28. Bh3 Re8 29. d7 Rd8 30. Bxe6 {Black resigns} 1-0

[Event "ICC tourney 2876 (40 10)"]
[Site "Internet Chess Club"]
[Date "2022.04.09"]
[Round "5"]
[White "ZHENG, ZHAOXIONG:normzheng"]
[Black "SEBBA, AMITAI:Amitai"]
[Result "1-0"]
[ICCResult "Black checkmated"]
[WhiteElo "1719"]
[BlackElo "1723"]
[Opening "Queen's pawn game"]
[ECO "D00"]
[NIC "QP.07"]
[Time "20:01:07"]
[PlyCount "101"]
[TimeControl "2400+10"]

1. d4 Nf6 2. Nc3 d5 3. Bf4 g6 4. Nf3 Bg7 5. e3 O-O 6. Be2 c5 7. Nb5 Nc6 8.
dxc5 Ne4 9. Nc7 Rb8 10. Nxd5 e5 11. Bg3 Be6 12. c4 Qa5+ 13. Kf1 Rfd8 14. Bh4
Rd7 15. a3 Bxd5 16. b4 Qc7 17. cxd5 Nc3 18. d6 Nxd1 19. dxc7 Nxe3+ 20. fxe3
Rxc7 21. Bg3 Rd7 22. Kf2 e4 23. Rad1 Rxd1 24. Rxd1 exf3 25. Bxb8 fxe2 26.
Kxe2 Bb2 27. b5 Nxb8 28. Rd8+ Kg7 29. Rxb8 Bxa3 30. c6 bxc6 31. bxc6 Bd6 32.
Rb7 Bxh2 33. c7 Bxc7 34. Rxc7 a5 35. Ra7 Kh6 36. Rxf7 Kg5 37. Rxh7 Kg4 38.
Kf2 a4 39. Ra7 a3 40. Rxa3 g5 41. Ra5 Kh4 42. e4 Kg4 43. Rf5 Kh4 44. g3+ Kh3
45. Rf8 Kg4 46. e5 Kh3 47. e6 Kg4 48. e7 Kh3 49. e8=Q Kg4 50. Qe4+ Kh5 51.
Rh8# {Black checkmated} 1-0

[Event "ICC tourney 2876 (40 10)"]
[Site "Internet Chess Club"]
[Date "2022.04.09"]
[Round "5"]
[White "LOPEZ, FRANCISCO JAVIER:steinutz"]
[Black "WILLY, STEPHEN:stephenwilly"]
[Result "0-1"]
[ICCResult "White resigns"]
[WhiteElo "1641"]
[BlackElo "1809"]
[Opening "Queen's pawn, Mason variation"]
[ECO "D00"]
[NIC "QP.08"]
[Time "20:00:44"]
[PlyCount "72"]
[TimeControl "2400+10"]

1. d4 d5 2. Bf4 Nf6 3. e3 c5 4. c3 Nc6 5. Bd3 Qb6 6. Qb3 c4 7. Qxb6 axb6 8.
Be2 Bf5 9. Nd2 e6 10. Ngf3 h6 11. h3 b5 12. O-O b4 13. cxb4 Nxb4 14. a3 Nc2
15. Ra2 b5 16. b3 Rxa3 17. Rxa3 Bxa3 18. bxc4 bxc4 19. Rb1 O-O 20. Rb7 Rc8
21. Ne5 Nb4 22. g4 c3 23. gxf5 cxd2 24. fxe6 Rc1+ 25. Kg2 fxe6 26. Rb8+ Kh7
27. Ra8 Bb2 28. Rb8 Bc3 29. Rc8 Bxd4 30. Rb8 Bxe5 31. Bxe5 Nc6 32. Rb6 Nxe5
33. Rxe6 Ng6 34. h4 Nxh4+ 35. Kh3 Ng6 36. f3 Re1 {White resigns} 0-1

[Event "ICC tourney 2876 (40 10)"]
[Site "Internet Chess Club"]
[Date "2022.04.09"]
[Round "5"]
[White "HANKE, HARVEY:ThinkingPanda"]
[Black "LIU, JOSHUA:chessmaster0981"]
[Result "1-0"]
[ICCResult "Black resigns"]
[WhiteElo "1642"]
[BlackElo "1676"]
[Opening "Sicilian: closed"]
[ECO "B23"]
[NIC "SI.44"]
[Time "20:00:39"]
[PlyCount "75"]
[TimeControl "2400+10"]

1. e4 c5 2. Nc3 d6 3. f4 Nf6 4. Nf3 Nc6 5. Bc4 g6 6. O-O Bg7 7. d3 O-O 8.
Qe1 Bd7 9. Qh4 a6 10. e5 Ne8 11. e6 fxe6 12. Ng5 Nf6 13. Bxe6+ Bxe6 14. Nxe6
Qb6 15. Nxf8 Rxf8 16. Kh1 Nd4 17. Qf2 Ng4 18. Qd2 e5 19. Nd5 Qd8 20. c3 Nf5
21. Qe1 exf4 22. Bxf4 Re8 23. Qd1 Qh4 24. Qf3 Be5 25. h3 Bxf4 26. Nxf4 Ng3+
27. Kg1 Nxf1 28. Rxf1 Ne3 29. Nxg6 hxg6 30. Qf7+ Kh8 31. Qxe8+ Kg7 32. Qxe3
Qa4 33. Qe7+ Kh6 34. Qf8+ Kh5 35. g4+ Kg5 36. Qf6+ Kh6 37. Qf4+ Kh7 38. Qxa4
{Black resigns}
1-0

[Event "ICC tourney 2876 (40 10)"]
[Site "Internet Chess Club"]
[Date "2022.04.09"]
[Round "5"]
[White "Tang, Austin:Mrpeetapizza"]
[Black "YU, AVERY:Averyyu321"]
[Result "1-0"]
[ICCResult "Black resigns"]
[WhiteElo "1835"]
[BlackElo "1669"]
[Opening "Sicilian: dragon, Yugoslav attack"]
[ECO "B75"]
[NIC "SI.17"]
[Time "20:01:07"]
[PlyCount "89"]
[TimeControl "2400+10"]

1. e4 c5 2. Nf3 d6 3. d4 cxd4 4. Nxd4 Nf6 5. Nc3 g6 6. Be3 Bg7 7. f3 a6 8.
Qd2 Nbd7 9. O-O-O b5 10. Kb1 Bb7 11. Bh6 Bxh6 12. Qxh6 Rc8 13. Nd5 Nxd5 14.
exd5 Nf6 15. h4 Bxd5 16. h5 Qa5 17. Nb3 Qc7 18. Bd3 Nxh5 19. Rhe1 e5 20. Rd2
Be6 21. g4 Nf4 22. g5 Nh5 23. Rf2 Qb6 24. Rh2 Bc4 25. Bf5 gxf5 26. Rxh5 Bxb3
27. axb3 Qf2 28. Rc1 Kd7 29. Qf6 Qxf3 30. Qxf7+ Kc6 31. Rh6 e4 32. Qa7 Ra8
33. Qe7 Qf4 34. c4 b4 35. c5 Qxc1+ 36. Kxc1 Rad8 37. Rxd6+ Rxd6 38. Qxd6+
Kb7 39. Qd7+ Ka8 40. c6 Rb8 41. c7 e3 42. c8=Q Rxc8+ 43. Qxc8+ Ka7 44. Qc5+
Kb7 45. Qxe3 {Black resigns} 1-0

[Event "ICC tourney 2876 (40 10)"]
[Site "Internet Chess Club"]
[Date "2022.04.09"]
[Round "5"]
[White "VALE CRUZ, ARMIN:trucker"]
[Black "LOCHAM, DIVJOT SINGH:winner08"]
[Result "0-1"]
[ICCResult "White checkmated"]
[WhiteElo "1623"]
[BlackElo "1750"]
[Opening "Vienna gambit"]
[ECO "C29"]
[NIC "VG.03"]
[Time "20:00:24"]
[PlyCount "132"]
[TimeControl "2400+10"]

1. e4 e5 2. Nc3 Nf6 3. f4 d5 4. exd5 exf4 5. d4 Nxd5 6. Nxd5 Qxd5 7. Bxf4
Bd6 8. Bxd6 Qxd6 9. Qd2 Bg4 10. Be2 Bxe2 11. Qxe2+ Qe7 12. Qxe7+ Kxe7 13.
Nf3 Nc6 14. O-O-O f6 15. d5 Ne5 16. Rhe1 Kd6 17. Nd4 g6 18. Nb5+ Kd7 19. d6
c6 20. Nc3 b6 21. a4 a5 22. b3 Rhe8 23. Ne4 Re6 24. h3 Rae8 25. Rf1 Rf8 26.
g4 h6 27. b4 Nxg4 28. Rf4 Ne3 29. bxa5 Nxd1 30. axb6 Rxe4 31. Rxe4 Nc3 32.
Rc4 Nd5 33. a5 Rb8 34. Rg4 g5 35. c4 Nxb6 36. axb6 Kxd6 37. Kc2 Rxb6 38. Kc3
c5 39. Rg1 Ke5 40. Re1+ Kf4 41. Rd1 Kg3 42. Rd3+ Kf4 43. Rd5 Rc6 44. Kd3 h5
45. Rd8 g4 46. Rh8 g3 47. Rg8 Rd6+ 48. Ke2 Rd4 49. Rg6 f5 50. h4 Rxc4 51.
Rg5 Rd4 52. Rxh5 Kg4 53. Rg5+ Kxh4 54. Rxf5 c4 55. Kf3 Rd3+ 56. Kg2 c3 57.
Rf4+ Kg5 58. Rc4 Kf5 59. Kf1 Ke5 60. Ke2 Rd2+ 61. Ke1 g2 62. Rg4 Kf5 63. Rg8
Ra2 64. Rf8+ Ke6 65. Re8+ Kf7 66. Re2 g1=Q# {White checkmated} 0-1